NCAA
OHIO STATE BUCKEYES @ CLEMSON TIGERS
05/05/2025
 
TOP OF THE 1ST
Ohio State Buckeyes batting - Pitching for Clemson Tigers : RHP Tony Fullerton
Pitching: RHP Tony Fullerton
Batting: LHB Joel Nelson 0-0: DOUBLE (Line Drive, 3L)
Batting: RHB Dan Rivera 0-0: Called Strike
0-1: Foul Ball, location: 2F
0-2: Ground out 4-3 (Groundball, 4)
Joel Nelson to third
Batting: RHB Gabriel Soto 0-0: Called Strike
0-1: Ball
1-1: Ball
2-1: Ball
3-1: Swinging Strike
3-2: Fly out, F8 (Flyball, 8LM)
Runner from 3rd tags up, SCORES, no throw
Batting: SHB Thomas Simmons 0-0: Ball
1-0: Foul Ball, location: 2F
1-1: Swinging Strike
1-2: Foul Ball, location: 2F
1-2: Foul Ball, location: 2F
1-2: Strikes out swinging
Top of the 1st over - 1 run(s), 1 hit(s), 0 error(s), 0 left on base; Ohio State 1 - Clemson 0
BOTTOM OF THE 1ST
Clemson Tigers batting - Pitching for Ohio State Buckeyes : RHP Walt Davis
Pitching: RHP Walt Davis
Batting: LHB Burt Ward 0-0: Foul Ball, location: 2F
0-1: Foul Ball, location: 2F
0-2: Strikes out swinging
Batting: LHB Peter Puckett 0-0: Foul Ball, location: 2F
0-1: Fly out, F9 (Line Drive, 9LS)
Batting: RHB Jonathan Williams 0-0: Called Strike
0-1: Hit by Pitch
Batting: RHB Leonard Harris 0-0: Called Strike
Jonathan Williams is caught stealing 2nd base
Bottom of the 1st over - 0 run(s), 0 hit(s), 0 error(s), 0 left on base; Ohio State 1 - Clemson 0
TOP OF THE 2ND
Ohio State Buckeyes batting - Pitching for Clemson Tigers : RHP Tony Fullerton
Batting: RHB Will Anderson 0-0: Swinging Strike
0-1: Ground out 1-3 (Groundball, 15)
Batting: LHB Milo Glenn 0-0: SINGLE (Flyball, 78M)
Batting: RHB Javier Álvarez 0-0: Called Strike
0-1: Ball
1-1: Ball
2-1: DOUBLE (Flyball, 89M)
Milo Glenn to third
Runner from 3rd tries for Home, SAFE, no throw or cutoff
Batting: SHB Bill House 0-0: Ball
1-0: Swinging Strike
1-1: SINGLE (Line Drive, 6MD)
Javier Álvarez to third
Batting: RHB John Robertson 0-0: SINGLE (Flyball, 6MD)
Javier Álvarez scores
Bill House to second
Runner from 2nd tries for 3rd, SAFE, no throw or cutoff
Pinch Runner at 3rd Bernard Farley:
Batting: LHB Joel Nelson 0-0: Fly out, F7 (Line Drive, 7M)
Runner from 3rd tags up, SCORES, throw made
Batting: RHB Dan Rivera 0-0: Swinging Strike
0-1: Called Strike
0-2: Ball
1-2: Fly out, F3 (Line Drive, 3)
Top of the 2nd over - 3 run(s), 4 hit(s), 0 error(s), 1 left on base; Ohio State 4 - Clemson 0
BOTTOM OF THE 2ND
Clemson Tigers batting - Pitching for Ohio State Buckeyes : RHP Walt Davis
Now at SS: Bernard Farley
Batting: RHB Leonard Harris 0-0: Called Strike
0-1: Ball
1-1: Ground out 5-3 (Groundball, 56)
Batting: LHB Wally Harris 0-0: Ball
1-0: Foul Ball, location: 2F
1-1: TRIPLE (Line Drive, 4M)
Batting: RHB James Taylor 0-0: Ball
1-0: Swinging Strike
1-1: Ball
2-1: Called Strike
2-2: SINGLE (Groundball, 4MD) (infield hit)
Wally Harris scores
Batting: SHB Kenneth Cruz 0-0: Ball
1-0: Ball
2-0: Called Strike
2-1: Ball
3-1: Foul Ball, location: 2F
3-2: Base on Balls
James Taylor to second
Batting: LHB Ralph Jackson 0-0: Called Strike
0-1: Ball
1-1: Ball
2-1: Ball
3-1: Called Strike
3-2: Fly out, F8 (Flyball, 8RM)
Batting: RHB Armando Vega 0-0: Ball
1-0: Called Strike
1-1: Fly out, F8 (Flyball, 8LM)
Bottom of the 2nd over - 1 run(s), 2 hit(s), 0 error(s), 2 left on base; Ohio State 4 - Clemson 1
TOP OF THE 3RD
Ohio State Buckeyes batting - Pitching for Clemson Tigers : RHP Tony Fullerton
Batting: RHB Gabriel Soto 0-0: Called Strike
0-1: Ball
1-1: Fly out, F2 (Popup, 2RF)
Batting: SHB Thomas Simmons 0-0: Called Strike
0-1: Foul Ball, location: 2F
0-2: Ball
1-2: Strikes out swinging
Batting: RHB Will Anderson 0-0: Ball
1-0: Called Strike
1-1: Swinging Strike
1-2: Foul Ball, location: 2F
1-2: Strikes out swinging
Top of the 3rd over - 0 run(s), 0 hit(s), 0 error(s), 0 left on base; Ohio State 4 - Clemson 1
BOTTOM OF THE 3RD
Clemson Tigers batting - Pitching for Ohio State Buckeyes : RHP Walt Davis
Batting: LHB Burt Ward 0-0: Swinging Strike
0-1: Ball
1-1: Swinging Strike
1-2: SOLO HOME RUN (Flyball, 89XD), Distance : 389 ft
Batting: LHB Peter Puckett 0-0: Ball
1-0: Foul Ball, location: 2F
1-1: Called Strike
1-2: Hit by Pitch
Batting: RHB Jonathan Williams 0-0: Ball
1-0: Foul Ball, location: 2F
1-1: Grounds into double play, 6-4-3 (Groundball, 6)
Batting: RHB Leonard Harris 0-0: Called Strike
0-1: Ball
1-1: Swinging Strike
1-2: Ball
2-2: Ground out 6-3 (Groundball, 6)
Bottom of the 3rd over - 1 run(s), 1 hit(s), 0 error(s), 0 left on base; Ohio State 4 - Clemson 2
TOP OF THE 4TH
Ohio State Buckeyes batting - Pitching for Clemson Tigers : RHP Tony Fullerton
Batting: LHB Milo Glenn 0-0: Called Strike
0-1: Swinging Strike
0-2: Strikes out looking
Batting: RHB Javier Álvarez 0-0: Swinging Strike
0-1: Foul Ball, location: 2F
0-2: Strikes out swinging
Batting: SHB Bernard Farley 0-0: Fly out, F8 (Flyball, 8RM)
Top of the 4th over - 0 run(s), 0 hit(s), 0 error(s), 0 left on base; Ohio State 4 - Clemson 2
BOTTOM OF THE 4TH
Clemson Tigers batting - Pitching for Ohio State Buckeyes : RHP Walt Davis
Batting: LHB Wally Harris 0-0: Ball
1-0: Ball
2-0: Ball
3-0: Base on Balls
Batting: RHB James Taylor 0-0: Called Strike
0-1: Swinging Strike
0-2: Strikes out swinging
Batting: SHB Kenneth Cruz 0-0: Fielders Choice at 2nd, 5-4 (Groundball, 56)
Batting: LHB Ralph Jackson 0-0: Ball
1-0: Foul Ball, location: 2F
1-1: Ball
2-1: 2-RUN HOME RUN (Flyball, 9LD), Distance : 314 ft
Batting: RHB Armando Vega 0-0: SOLO HOME RUN (Line Drive, 78XD), Distance : 374 ft
Batting: LHB Burt Ward 0-0: Ball
1-0: Ball
2-0: Ball
3-0: Base on Balls
Batting: LHB Peter Puckett 0-0: Called Strike
0-1: Ball
1-1: Ball
2-1: DOUBLE (Line Drive, 9LS)
Burt Ward to third
Batting: RHB Jonathan Williams 0-0: Foul Ball, location: 2F
0-1: Foul Ball, location: 2F
0-2: Ball
1-2: Ball
2-2: Foul Ball, location: 2F
2-2: Strikes out looking
Bottom of the 4th over - 3 run(s), 3 hit(s), 0 error(s), 2 left on base; Ohio State 4 - Clemson 5
TOP OF THE 5TH
Ohio State Buckeyes batting - Pitching for Clemson Tigers : RHP Tony Fullerton
Batting: RHB John Robertson 0-0: Called Strike
0-1: Foul Ball, location: 2F
0-2: Ball
1-2: Ball
2-2: Ball
3-2: Ground out 1-3 (Groundball, 25)
Batting: LHB Joel Nelson 0-0: Called Strike
0-1: Ball
1-1: Foul Ball, location: 2F
1-2: Foul Ball, location: 2F
1-2: Ball
2-2: Foul Ball, location: 2F
2-2: Foul Ball, location: 2F
2-2: Ground out 3-1 (Groundball, 3)
Batting: RHB Dan Rivera 0-0: Ball
1-0: Fly out, F9 (Flyball, 89S)
Top of the 5th over - 0 run(s), 0 hit(s), 0 error(s), 0 left on base; Ohio State 4 - Clemson 5
BOTTOM OF THE 5TH
Clemson Tigers batting - Pitching for Ohio State Buckeyes : RHP Walt Davis
Batting: RHB Leonard Harris 0-0: Ball
1-0: Foul Ball, location: 2F
1-1: Called Strike
1-2: Fly out, F7 (Flyball, 7D)
Pitching: LHP Monty Williams
Batting: LHB Wally Harris 0-0: Ball
1-0: Called Strike
1-1: Foul Ball, location: 2F
1-2: Fly out, F7 (Flyball, 7M)
Batting: RHB James Taylor 0-0: Called Strike
0-1: Ball
1-1: SOLO HOME RUN (Flyball, 8RXD), Distance : 400 ft
Batting: SHB Kenneth Cruz 0-0: Ball
1-0: Ball
2-0: Ball
3-0: Base on Balls
Batting: LHB Ralph Jackson 0-0: Called Strike
0-1: Foul Ball, location: 2F
0-2: Foul Ball, location: 2F
0-2: Strikes out swinging
Bottom of the 5th over - 1 run(s), 1 hit(s), 0 error(s), 1 left on base; Ohio State 4 - Clemson 6
TOP OF THE 6TH
Ohio State Buckeyes batting - Pitching for Clemson Tigers : RHP Tony Fullerton
Batting: RHB Gabriel Soto 0-0: Ball
1-0: Called Strike
1-1: Foul Ball, location: 2F
1-2: Fly out, F9 (Flyball, 9S)
Batting: SHB Thomas Simmons 0-0: Called Strike
0-1: Foul Ball, location: 2F
0-2: Ball
1-2: Strikes out swinging
Batting: RHB Will Anderson 0-0: Called Strike
0-1: Fly out, F8 (Popup, 8RS)
Top of the 6th over - 0 run(s), 0 hit(s), 0 error(s), 0 left on base; Ohio State 4 - Clemson 6
BOTTOM OF THE 6TH
Clemson Tigers batting - Pitching for Ohio State Buckeyes : LHP Monty Williams
Batting: RHB Armando Vega 0-0: Ball
1-0: Ball
2-0: Ball
3-0: Called Strike
3-1: Foul Ball, location: 2F
3-2: Base on Balls
Batting: LHB Burt Ward 0-0: Swinging Strike
0-1: Foul Ball, location: 2F
0-2: Ball
1-2: Foul Ball, location: 2F
1-2: Fielders Choice at 2nd, 4-6 (Groundball, 34)
Batting: LHB Peter Puckett 0-0: Ball
1-0: Fly out, F2 (Popup, 2LF)
Batting: RHB Jonathan Williams 0-0: Ball
1-0: Ball
Wild Pitch!
Burt Ward to second
2-0: Called Strike
2-1: Ball
3-1: Called Strike
3-2: Strikes out swinging
Bottom of the 6th over - 0 run(s), 0 hit(s), 0 error(s), 1 left on base; Ohio State 4 - Clemson 6
TOP OF THE 7TH
Ohio State Buckeyes batting - Pitching for Clemson Tigers : RHP Tony Fullerton
Batting: LHB Milo Glenn 0-0: Ball
1-0: Called Strike
1-1: Ball
2-1: Swinging Strike
2-2: Strikes out swinging
Pitching: LHP Jorge Gatán
Batting: RHB Javier Álvarez 0-0: Swinging Strike
0-1: Ball
1-1: Ball
2-1: Called Strike
2-2: Strikes out looking
Batting: SHB Bernard Farley 0-0: Called Strike
0-1: Swinging Strike
0-2: Strikes out looking
Top of the 7th over - 0 run(s), 0 hit(s), 0 error(s), 0 left on base; Ohio State 4 - Clemson 6
BOTTOM OF THE 7TH
Clemson Tigers batting - Pitching for Ohio State Buckeyes : LHP Monty Williams
Batting: RHB Leonard Harris 0-0: Ball
1-0: Foul Ball, location: 2F
1-1: Called Strike
1-2: Strikes out swinging
Pitching: LHP Gonzalo Tobías
Batting: LHB Wally Harris 0-0: Ball
1-0: Foul Ball, location: 2F
1-1: SINGLE (Groundball, 56D)
Batting: RHB James Taylor 0-0: Ball
1-0: Foul Ball, location: 2F
1-1: Grounds into double play, 6-4-3 (Groundball, 6M)
Bottom of the 7th over - 0 run(s), 1 hit(s), 0 error(s), 0 left on base; Ohio State 4 - Clemson 6
TOP OF THE 8TH
Ohio State Buckeyes batting - Pitching for Clemson Tigers : LHP Jorge Gatán
Batting: RHB John Robertson 0-0: Called Strike
0-1: Foul Ball, location: 2F
0-2: Strikes out looking
Batting: LHB Joel Nelson 0-0: Called Strike
0-1: Ball
1-1: Foul Ball, location: 2F
1-2: Strikes out looking
Batting: RHB Dan Rivera 0-0: Swinging Strike
0-1: Ball
1-1: SINGLE (Line Drive, 6MD)
Pitching: RHP Jaime De Los Santos
Batting: RHB Gabriel Soto 0-0: Called Strike
0-1: Ground out 6-3 (Groundball, 6)
Top of the 8th over - 0 run(s), 1 hit(s), 0 error(s), 1 left on base; Ohio State 4 - Clemson 6
BOTTOM OF THE 8TH
Clemson Tigers batting - Pitching for Ohio State Buckeyes : LHP Gonzalo Tobías
Batting: SHB Kenneth Cruz 0-0: Swinging Strike
0-1: Swinging Strike
0-2: Ball
1-2: Strikes out swinging
Batting: LHB Ralph Jackson 0-0: Called Strike
0-1: Ball
1-1: Ball
2-1: Ball
3-1: Called Strike
3-2: Foul Ball, location: 2F
3-2: Base on Balls
Batting: RHB Armando Vega 0-0: Ball
Ralph Jackson is caught stealing 2nd base
1-0: Ball
2-0: Ball
3-0: Base on Balls
Batting: LHB Burt Ward 0-0: Fly out, F7 (Line Drive, 7M)
Bottom of the 8th over - 0 run(s), 0 hit(s), 0 error(s), 1 left on base; Ohio State 4 - Clemson 6
TOP OF THE 9TH
Ohio State Buckeyes batting - Pitching for Clemson Tigers : RHP Jaime De Los Santos
Pitching: LHP Júlio Gonzáles
Batting: SHB Thomas Simmons 0-0: Foul Ball, location: 2F
0-1: Hit by Pitch
Batting: RHB Will Anderson 0-0: Ball
1-0: Ball
2-0: Called Strike
2-1: Ball
3-1: Called Strike
3-2: Strikes out swinging
Batting: LHB Milo Glenn 0-0: Grounds into double play, 6-4-3 (Groundball, 6)
Top of the 9th over - 0 run(s), 0 hit(s), 0 error(s), 0 left on base; Ohio State 4 - Clemson 6
This league is powered by Out of the Park Baseball, the baseball management simulation game for PC, Mac and Linux
Tuesday, August 2nd, 2016 - OOTP Baseball 16.8 Build 38